 Dungeon Crawl Stone Soup version 0.31-a0-705-ga145531891 (webtiles) character file.

Game seed: 6075359710923536859

1047 arthad the Insei (level 8, -3/54 HPs)
             Began as an Octopode Shapeshifter on Sept 9, 2023.
             Slain by an ogre
             ... wielding a +0 giant spiked club
              (26 damage)
             ... on level 5 of the Dungeon.
             The game lasted 00:14:28 (5021 turns).

arthad the Insei (Octopode Shapeshifter)            Turns: 5021, Time: 00:14:28

Health: -3/54      AC:  1    Str: 13    XL:     8   Next: 25%
Magic:  9/9        EV: 15    Int: 12    God:
Gold:   236        SH:  0    Dex: 14    Spells: 5/9 levels left

rFire   . .          .
                       - Unarmed
rCold   . . .        (no shield)
rNeg    . . .        (helmet currently unavailable)
rPois   .            (no amulet)
rElec   .            (no ring)
rCorr   .            (no ring)
SInv    .            (no ring)
Will    .....        (no ring)
Stlth   ++++         (no ring)
HPRegen 0.29/turn    (no ring)
MPRegen 0.11/turn    (no ring)
                     (no ring)

%: no passive effects
@: beast-form, hasted, very quick
A: beast (slay +2), almost no armour, amphibious, 8 rings, camouflage 1,
gelatinous body 1, (nimble swimmer 1), tentacles
a: Begin Untransformation


You were on level 5 of the Dungeon.
You were a hulking beast.
You visited 1 branch of the dungeon, and saw 5 of its levels.

You collected 236 gold pieces.

Inventory:

Hand Weapons
 j - the +7 dagger "Juivak" {heavy, rF+ rC++ Will+ Int+3}
   (You found it on level 2 of the Dungeon)

   Int+3:     It affects your intelligence (+3).
   rF+:       It protects you from fire.
   rC++:      It greatly protects you from cold.
   Will+:     It increases your willpower.
Missiles
 h - 10 curare-tipped darts
 i - 5 poisoned darts
 l - 3 boomerangs (quivered)
Magical Staves
 e - a staff of poison
 s - a staff of conjuration
Talismans
 b - a beast talisman (active)
 c - a flux talisman
Wands
 f - a wand of mindburst (8)
 m - a wand of quicksilver (4)
Scrolls
 d - a scroll of fog
 g - a scroll of teleportation
 q - a scroll of noise {unknown}
Potions
 a - 3 potions of lignification
 k - a potion of heal wounds {unknown}


   Skills:
 * Level 4.2 Fighting
 * Level 4.7 Dodging
 + Level 4.1 Stealth
 * Level 5.1 Unarmed Combat
 + Level 1.0 Spellcasting
 + Level 1.2 Translocations
 * Level 4.8 Shapeshifting


You had 5 spell levels left.
You knew the following spells:

 Your Spells              Type           Power      Damage    Failure   Level
a - Blink                 Tloc           6%         N/A       28%         2
b - Lesser Beckoning      Tloc           6%         N/A       28%         2

Your spell library contained the following spells:

 Spells                   Type           Power      Damage    Failure   Level
 Shock                    Conj/Air       0%         1d3       30%         1
 Momentum Strike          Conj/Tloc      4%         3d8       34%         2
 Gell's Gravitas          Tloc           3%         N/A       50%         3
 Teleport Other           Tloc           3%         N/A       50%         3
 Swiftness                Air            0%         N/A       65%         3
 Airstrike                Air            0%         2d(0-16)  96%         4


Dungeon Overview and Level Annotations

Branches:
Dungeon (5/15)
 Temple: D:4-7

Altars:
Elyvilon
Fedhas
Qazlal
Trog
Vehumet

Shops:
D:2 :


Innate Abilities, Weirdness & Mutations

You are a hulking beast.
Your limbs bulge with bestial killing power. (Slay +2)
You cannot wear most types of armour.
You are amphibious.
You can wear up to eight rings at the same time.
Your skin changes colour to match your surroundings (Stealth+).
Your rubbery body absorbs attacks. (AC +1, EV +1)
((You are camouflaged when in or above water. (Stealth+)))
You have tentacles for arms and can constrict up to eight enemies at once.


Message History

You feel yourself slow down.
You start resting.
Your transformation is almost over.
You feel less wooden.
You turn into a hulking beast.
You start resting.
HP restored.
You now have 236 gold pieces (gained 3).
Things that are here:
a +0 chain mail; a +0 short sword; an orc skeleton
k - a blue potion
Found a dagger.
Found a stone staircase leading down.
An ogre and a hound come into view.
There are monsters nearby!
Okay, then.
Okay, then.
Found a stone staircase leading down.
The ogre closely misses you.
You bludgeon the ogre!
Your tentacle-slap misses the ogre.
The ogre is moderately wounded.
The ogre hits you with a +0 giant spiked club!!
You feel yourself speed up. The hound barely misses you. x2
The ogre attacks as it pursues you! The ogre barely misses you.
Found a scroll labelled ROZUOTOAXO.
The hound attacks as it pursues you! The hound bites you.
You miss the hound. Your grab misses the hound. Your squeeze misses the hound.
The hound bites you.
You miss the hound. You grab the hound.
You constrict the hound, but do no damage.
The hound bites you.
You tentacle-slap the hound.
The hound is moderately wounded.
You constrict the hound. The hound bites you.
You bludgeon the hound!
You kill the hound!
You bludgeon the ogre!
The ogre is heavily wounded.
The ogre hits you with a +0 giant spiked club!!
You die...

.§≈≈≈≈.≈≈≈. ......).. .#
.##..#.## .# .......#
##.## ### .##.##.......
.?# # .##.######.# #.#.##
...........#####.#..#
###.###.....^.......#
....# #.#..#####h##.# #
....# #.#..# #O# .#.#
..#.#.#.#..# ##.##.#.#
.....#..#..####.......###
#.#.#....................
#[#.###.#.#.###.......##
#.#.# #.#.#........>..#
....# . ..######......#
#.....###............>#


You could see an ogre.

Vanquished Creatures
  Eustachio (D:5)
  Menkaure (D:5)
  A black bear (D:5)
  A centaur (D:5)
  A phantom (D:5)
  A scorpion (D:4)
  3 hounds
  4 sleepcaps
  Terence (D:2)
  2 iguanas (D:4)
  An orc wizard (D:5)
  4 adders
  4 gnolls (D:4)
  A white imp (D:5)
  3 worms
  2 dart slugs (D:2)
  6 orcs
  4 ball pythons (D:1)
  11 endoplasms
  4 giant cockroaches
  10 goblins
  7 hobgoblins
  5 quokkas
  6 bats
  5 frilled lizards
  5 kobolds
  6 rats
  A butterfly (D:4)
101 creatures vanquished.

Notes
Turn   | Place    | Note
-------+----------+-------------------------------------------
     0 | D:1      | arthad the Octopode Shapeshifter began the quest for the
                  | Orb.
     0 | D:1      | Reached XP level 1. HP: 13/13 MP: 1/1
   100 | D:1      | Reached XP level 2. HP: 18/18 MP: 2/2
   550 | D:1      | Reached XP level 3. HP: 23/23 MP: 3/3
   906 | D:2      | Reached skill level 1 in Stealth
   908 | D:2      | Noticed Terence
   915 | D:2      | Killed Terence
   916 | D:2      | Reached XP level 4. HP: 16/29 MP: 4/4
  1029 | D:2      | Identified the +7 dagger "Juivak" {heavy, rF+ rC++ Will+
                  | Int+3}
  1061 | D:2      | Found Patte Xats's Book Shoppe.
  1548 | D:3      | Found a radiant altar of Vehumet.
  1564 | D:3      | Found a blossoming altar of Fedhas.
  1592 | D:3      | Found a faded altar of an unknown god.
  1889 | D:3      | Reached XP level 5. HP: 35/35 MP: 5/5
  2012 | D:3      | Found a bloodstained altar of Trog.
  2913 | D:4      | Found a white marble altar of Elyvilon.
  3053 | D:4      | Reached skill level 4 in Unarmed Combat
  3053 | D:4      | Reached XP level 6. HP: 27/41 MP: 6/6
  3834 | D:5      | Entered Level 5 of the Dungeon
  3879 | D:5      | Noticed Eustachio
  3890 | D:5      | Killed Eustachio
  3891 | D:5      | Reached XP level 7. HP: 17/46 MP: 7/7
  4123 | D:5      | Learned a level 2 spell: Blink
  4126 | D:5      | Learned a level 2 spell: Lesser Beckoning
  4137 | D:5      | Found a stormy altar of Qazlal.
  4138 | D:5      | Noticed Menkaure
  4683 | D:5      | Reached XP level 8. HP: 49/54 MP: 7/9
  4719 | D:5      | Reached skill level 5 in Unarmed Combat
  4719 | D:5      | Reached skill level 1 in Translocations
  4759 | D:5      | Killed Menkaure
  4760 | D:5      | Reached skill level 1 in Spellcasting
  5021 | D:5      | Slain by an ogre

Illustrated notes

Levels and vault maps discovered:
D:1:      nzn_arrival_crosshair, layout_basic, minmay_misc_feat_cross
D:2:      layout_rooms, serial_shops, shop, uniq_terence
D:3:      layout_basic, marbit_many_paths, fiery_altar_vehumet, fedhas_altar_3,
          ebering_ecumenical_altar_mist, chequers_serial_rivers_micro_e,
          bh_walls_and_bars
D:4:      layout_basic, nicolae_elyvilon_peaceful_grove, st_stairs_2,
          minmay_misc_feat_enclosed
D:5:      layout_loops_ring, mainiacjoe_overflow_concentric_impassable,
          corexii_shack, uniq_menkaure, uniq_eustachio

Skill      XL: |  1  2  3  4  5  6  7  8 |
---------------+-------------------------+-----
Stealth        | 1 2 3 4 |  4.1
Fighting       | 2 3 4 |  4.2
Dodging        | 3 4 |  4.7
Unarmed Combat | 4 5 |  5.1
Shapeshifting  | 4 |  4.8
Translocations | 1 |  1.2
Spellcasting   | 1 |  1.0

Action                     |  1- 3 |  4- 6 |  7- 9 || total
---------------------------+-------+-------+-------++-------
  Melee: Unarmed           |    52 |   134 |    50 ||   236
         Constrict         |    14 |    32 |    11 ||    57
         Tentacles         |    12 |    29 |    13 ||    54
         Punch             |     5 |     3 |     2 ||    10
  Throw: Boomerang         |       |    20 |     8 ||    28
         Dart              |       |       |     1 ||     1
    Use: Scroll            |       |     5 |     3 ||     8
         Potion            |       |     1 |     7 ||     8
   Stab: Sleeping          |     8 |    12 |     2 ||    22
 Armour: Skin              |    18 |    51 |    32 ||   101
  Dodge: Dodged            |    27 |    72 |    43 ||   142

Table legend: (Time is in decaauts)
 A = Elapsed time spent in this place.
 B = Non-inter-level travel time spent in this place.
 C = Inter-level travel time spent in this place.
 D = Time resting spent in this place.
 E = Time spent auto-exploring this place.
 F = Levels seen in this place.
 G = Mean time per level.
                   A        B        C        D        E       F      G
               +--------+--------+--------+--------+--------+-----+--------+
         Total |   4992 |   4831 |    161 |    812 |   3059 |   5 |  998.4 |
       Dungeon |   4992 |   4831 |    161 |    812 |   3059 |   5 |  998.4 |
               +--------+--------+--------+--------+--------+-----+--------+

Top non-repeatable levels by time:
     D:4: 1606 daAuts
     D:5: 1074 daAuts
     D:3: 956 daAuts
     D:1: 875 daAuts
     D:2: 480 daAuts
